Map: Central Protocol

Players

Lambo - Winner!

  • Race: Zerg Zerg
  • League: Grandmaster

Basior

  • Race: Terran Terran
  • League: Master

Event: DreamHack ZOWIE Open Leipzig

VOD

Have the link to the VOD?

Description

Time

  • Played on: Jan. 22, 2016, 8:46 a.m.
  • Length: 10:13

All games in this series

Show
View Real Time Build Order
Export as new Build Order

Lambo Zerg - Winner!

Build Orders: Pool First, Zergling Roach Ravager 

Get SALT Encoding   

  12  0:01  Drone  
  13  0:12  Overlord  
  13  0:17  Drone  
  14  0:30  Drone x2  
  14  0:35  Drone  
  17  0:40  Extractor  
  16  0:48  Spawning Pool  
  16  0:49  Drone  
  16  0:55  Drone  
  17  1:06  Drone  
  18  1:20  Hatchery  
  17  1:29  Drone  
  18  1:36  Queen  
  20  1:40  Zergling x2  
  20  1:45  Drone  
  22  1:59  Overlord  
  22  2:03  Roach Warren  
  22  2:04  Drone  
  22  2:24  Overlord  
  22  2:27  Queen  
  23  2:38  Zergling x2  
  23  2:44  Spore Crawler  
  23  2:49  Roach x4  
  32  2:53  Roach  
  34  3:00  Roach  
  34  3:01  Roach  
  38  3:08  Overlord  
  38  3:17  Drone x2  
  40  3:20  Drone  
  40  3:26  Drone x2  
  43  3:31  Overlord  
  43  3:38  Roach  
  43  3:41  Drone x2  
  47  3:45  Drone  
  48  3:48  Roach  
  48  3:55  Drone  
  51  4:02  Drone x4  
  55  4:07  Lair  
  55  4:12  Drone x3  
  58  4:18  Evolution Chamber  
  58  4:20  Drone x2  
  59  4:25  Extractor  
  59  4:26  Extractor  
  59  4:27  Drone x3  
  60  4:34  Overlord  
  60  4:45  Zerg Missile Weapons Level 1  
  62  4:52  Drone x2  
  62  4:53  Drone x5  
  65  5:01  Hatchery  
  65  5:04  Glial Reconstitution  
  64  5:07  Roach  
  64  5:11  Extractor  
  64  5:12  Drone x2  
  64  5:13  Drone  
  68  5:17  Overlord  
  68  5:18  Overlord  
  68  5:23  Overseer  
  68  5:37  Roach x7  
  68  5:40  Overlord  
  68  5:41  Overlord  
  82  5:46  Roach  
  84  5:53  Overlord  
  84  5:54  Overlord  
  84  6:00  Overlord  
  84  6:02  Overlord  
  84  6:07  Drone  
  84  6:09  Evolution Chamber, Queen  
  86  6:13  Roach x3  
  86  6:16  Drone  
  93  6:22  Overlord  
  93  6:29  Roach  
  93  6:30  Roach x3  
  101  6:34  Roach x2  
  101  6:36  Drone  
  101  6:37  Drone  
  107  6:43  Roach x2  
  106  6:50  Roach x3  
  106  6:54  Zerg Missile Weapons Level 2  
  106  6:59  Zerg Ground Armor Level 1  
  106  7:00  Drone  
  107  7:03  Drone x3  
  110  7:12  Roach x3  
  116  7:18  Roach x3  
  116  7:21  Ravager x2  
  116  7:22  Ravager  
  126  7:23  Ravager  
  126  7:27  Roach x3  
  126  7:29  Overlord  
  132  7:39  Roach x2  
  134  7:44  Overlord  
  134  7:49  Roach  
  134  7:56  Drone x4  
  134  7:57  Drone x3  
  126  7:59  Overseer  
  126  8:01  Zergling x4  
  128  8:09  Extractor  
  128  8:10  Roach x7, Extractor  
  140  8:13  Drone x3  
  144  8:27  Drone x2  
  145  8:37  Hatchery, Overlord  
  144  8:42  Overlord  
  144  8:46  Overlord  
  144  8:48  Overlord x2  
  144  8:50  Overlord  
  144  8:52  Ravager  
  145  9:02  Roach  
  155  9:03  Roach x7  
  155  9:04  Ravager x7  
  168  9:10  Roach x4  
  176  9:20  Overlord x2  
  176  9:24  Roach  
  178  9:27  Ravager  
  178  9:31  Roach x3  
  185  9:38  Overlord  
  185  9:41  Roach  
  185  9:42  Roach x3  
  185  9:43  Ravager x2  
  195  9:49  Roach  
  195  9:50  Roach  
Show
View Real Time Build Order
Export as new Build Order

Basior Terran 

Build Orders: MMM Bio, Mass Reaper 

Get SALT Encoding   

  12  0:01  SCV  
  13  0:13  SCV  
  14  0:17  Supply Depot  
  14  0:25  SCV  
  15  0:29  Refinery  
  15  0:39  SCV  
  16  0:45  Barracks  
  16  0:51  SCV  
  17  1:01  Barracks  
  17  1:06  SCV  
  18  1:18  SCV  
  19  1:25  Barracks  
  19  1:32  Reaper  
  20  1:42  Orbital Command  
  20  1:49  Reaper  
  21  1:55  Supply Depot  
  21  2:00  Refinery  
  21  2:05  Reaper  
  22  2:09  SCV  
  23  2:16  Reaper  
  23  2:21  SCV  
  25  2:25  Reaper  
  26  2:31  Supply Depot  
  26  2:41  Reaper  
  27  2:45  SCV  
  28  2:51  Reaper  
  28  2:57  SCV  
  31  3:09  SCV  
  32  3:21  SCV  
  32  3:23  Command Center  
  32  3:25  Barracks Tech Lab  
  33  3:31  Barracks Reactor x2  
  33  3:33  SCV  
  33  3:46  SCV, Stimpack, Engineering Bay, Marine  
  35  3:53  Supply Depot  
  35  3:58  SCV  
  36  4:04  Marine  
  36  4:09  Marine x2  
  39  4:14  SCV, Marine x2  
  42  4:21  Terran Infantry Weapons Level 1  
  43  4:26  SCV  
  43  4:27  Barracks  
  44  4:31  Marine  
  44  4:34  Barracks  
  44  4:36  Orbital Command  
  44  4:39  SCV  
  44  4:44  Marine x2  
  44  4:45  Marine  
  47  4:49  Marine x2  
  49  5:00  SCV  
  49  5:02  SCV, Marine x3  
  49  5:07  Supply Depot, Marine  
  55  5:15  Barracks Reactor  
  55  5:17  SCV  
  55  5:20  Marine x2, Marauder  
  60  5:22  SCV  
  61  5:29  SCV  
  61  5:30  Supply Depot, Barracks Tech Lab, Marine x2  
  61  5:32  Supply Depot  
  61  5:33  Barracks Reactor  
  64  5:38  Marine x2  
  64  5:39  SCV  
  64  5:40  Marine  
  68  5:48  Marine x2  
  70  5:52  SCV x2  
  70  5:53  Marine x2  
  70  5:56  Marine x2  
  75  5:58  Marine  
  75  6:00  Factory  
  75  6:02  Supply Depot  
  76  6:06  Marine x2  
  76  6:08  Supply Depot  
  76  6:10  Marine x2  
  76  6:11  Marine x2  
  82  6:16  Marine x2  
  82  6:17  Marine  
  85  6:23  Marine  
  85  6:24  Marine  
  87  6:28  Marine x2  
  87  6:29  Marine x2  
  87  6:30  Combat Shields  
  91  6:34  Marine  
  91  6:35  Marauder, Marine  
  95  6:41  Marine x2  
  89  6:48  Marine  
  89  6:52  Marine  
  89  6:53  Factory Reactor, Marine x2  
  83  6:54  Factory Tech Lab  
  83  6:56  Marauder, Marine x2  
  83  6:57  Starport  
  87  7:02  Marine x2  
  87  7:10  Marine x4  
  87  7:19  Siege Tank  
  88  7:27  Command Center  
  88  7:29  Marine x2  
  90  7:35  Supply Depot, Medivac  
  90  7:36  Supply Depot  
  92  7:39  Marine x2  
  94  7:47  Marine  
  94  7:48  Marine  
  95  7:58  Siege Tank  
  92  8:00  Marine x2  
  92  8:01  Marine x3  
  92  8:04  Marine  
  98  8:05  Marine  
  98  8:06  Terran Infantry Armor Level 1, Refinery  
  98  8:11  Medivac  
  101  8:17  Marine  
  101  8:18  Marine x2  
  101  8:19  Marine x2  
  106  8:22  Marine  
  106  8:23  Marine  
  108  8:29  Supply Depot  
  108  8:30  Refinery  
  108  8:31  Barracks  
  108  8:35  Marine  
  108  8:36  Marine  
  108  8:37  Marauder  
  112  8:48  Medivac  
  112  8:49  Siege Tank  
  112  8:54  Marine x4  
  121  8:58  SCV x2  
  121  9:00  Marine  
  123  9:17  Marine x2  
  123  9:18  Marine x2  
  123  9:23  Marine  
  123  9:24  Marine  
  131  9:32  Supply Depot  
  131  9:33  Marine x2  
  131  9:35  Starport Reactor  
  131  9:37  Marine  
  132  9:38  SCV  
  132  9:41  SCV  
  132  9:42  Marine  
  135  9:51  SCV, Marine x2  
  135  9:52  Marine  

Tags
 
Add a new tag
Caveats
  • Supply blocks, unpowered buildings, or Contaminate may cause inaccurate times.
  • Supply counts are checked every 10 seconds.